Map: Ruins of Seras

Players

Happy - Winner!

  • Race: Terran Terran
  • League: Grandmaster

LiquidSnute (Snute)

  • Race: Zerg Zerg
  • League: Grandmaster

Event: 2016 WCS Winter Challenger Europe

VOD

Have the link to the VOD?

Description

Time

  • Played on: Feb. 13, 2016, 3:01 p.m.
  • Length: 23:01

All games in this series

Show
View Real Time Build Order
Export as new Build Order

Happy Terran - Winner!

Build Orders: Liberator Opening, Reaper Expand, MMM Bio 

Get SALT Encoding   

  12  0:00  SCV  
  13  0:13  SCV  
  14  0:17  Supply Depot  
  14  0:25  SCV  
  15  0:39  SCV  
  15  0:40  Barracks  
  16  0:45  Refinery  
  16  0:51  SCV  
  17  1:03  SCV  
  18  1:15  SCV  
  19  1:27  Reaper, Orbital Command  
  20  1:44  Command Center  
  20  1:50  Refinery  
  20  1:53  SCV  
  21  2:02  Supply Depot  
  21  2:05  SCV  
  22  2:16  Factory  
  22  2:19  Barracks Reactor  
  23  2:22  SCV  
  23  2:35  SCV  
  24  2:47  SCV  
  25  2:55  Orbital Command  
  25  2:59  SCV  
  25  3:01  Starport  
  26  3:06  Hellion  
  26  3:07  Hellion  
  26  3:09  Marine  
  26  3:12  SCV  
  32  3:21  Supply Depot  
  32  3:22  SCV  
  32  3:23  Liberator  
  33  3:29  Hellion x2  
  33  3:34  SCV x2  
  41  3:45  Supply Depot  
  41  3:47  SCV  
  42  3:50  SCV  
  43  3:57  Hellion  
  43  3:59  Hellion  
  43  4:01  SCV  
  49  4:02  SCV  
  49  4:06  Liberator  
  49  4:09  Supply Depot  
  49  4:13  SCV  
  49  4:16  SCV  
  51  4:24  Bunker  
  54  4:27  SCV  
  54  4:28  SCV  
  56  4:39  SCV  
  56  4:40  Command Center  
  56  4:41  SCV  
  56  4:43  Factory Tech Lab  
  58  4:45  Marine  
  58  4:46  Marine  
  60  4:53  Supply Depot, SCV  
  61  5:01  Siege Tank, Liberator  
  61  5:04  SCV  
  61  5:06  Marine x2  
  67  5:11  Engineering Bay  
  65  5:20  SCV  
  69  5:29  SCV, Barracks  
  69  5:30  Supply Depot, Engineering Bay  
  69  5:32  Barracks  
  68  5:39  Terran Infantry Weapons Level 1  
  68  5:41  Supply Depot, Siege Tank  
  68  5:42  Marine x2  
  73  5:45  SCV x2  
  75  6:03  Terran Infantry Armor Level 1  
  75  6:09  Supply Depot  
  72  6:11  Barracks, Orbital Command  
  72  6:12  Supply Depot, Barracks  
  72  6:13  Siege Tank  
  71  6:19  Barracks Tech Lab  
  71  6:20  Barracks Tech Lab  
  71  6:21  Supply Depot, SCV x2  
  71  6:27  Refinery x2  
  71  6:31  Supply Depot  
  71  6:35  Marine  
  71  6:37  Orbital Command  
  71  6:38  Supply Depot, SCV  
  73  6:43  Combat Shields, Marine  
  73  6:44  Stimpack  
  73  6:46  Starport Reactor  
  74  6:53  Marine x2  
  76  6:54  SCV  
  76  6:55  Marine  
  76  6:57  SCV  
  76  6:59  Barracks Reactor, Marine  
  76  7:01  Marine  
  81  7:05  SCV  
  81  7:06  SCV, Barracks  
  83  7:10  SCV  
  83  7:12  Marine  
  85  7:17  SCV  
  85  7:18  SCV  
  85  7:22  Marine x2  
  89  7:23  Barracks Reactor  
  89  7:24  Supply Depot, Medivac  
  89  7:28  SCV  
  92  7:34  Armory  
  92  7:35  Barracks  
  92  7:39  Marine x2  
  92  7:41  SCV x2, Medivac  
  92  7:42  SCV  
  99  7:48  Marine x2  
  99  7:50  Marine x2  
  103  7:53  Barracks Reactor, SCV  
  103  7:55  SCV x2  
  103  7:57  Supply Depot, Marine  
  104  8:03  Refinery  
  104  8:04  Refinery  
  104  8:06  SCV  
  104  8:07  SCV  
  104  8:10  Supply Depot  
  106  8:13  SCV  
  106  8:17  Supply Depot, Command Center  
  106  8:18  SCV  
  106  8:19  SCV  
  107  8:22  Marine  
  107  8:23  Marine  
  107  8:24  Supply Depot  
  109  8:28  Terran Infantry Weapons Level 2  
  109  8:37  Supply Depot  
  109  8:38  Supply Depot  
  109  8:39  Barracks Tech Lab, Marine x2  
  109  8:40  Marauder  
  113  8:41  Medivac  
  110  8:51  Terran Infantry Armor Level 2  
  110  8:52  Marine x2  
  110  8:54  Marine  
  110  8:55  Marine  
  114  9:00  Concussive Shells  
  114  9:02  SCV x3  
  117  9:09  Marine x2  
  118  9:17  Siege Tank  
  118  9:22  Medivac, Marine  
  118  9:23  Medivac  
  118  9:24  Marine  
  118  9:25  Marine x4  
  118  9:26  Marauder x2, Marine x2  
  118  9:27  Marine  
  129  9:32  Starport  
  129  9:36  Ghost Academy  
  129  9:40  Supply Depot  
  129  9:44  Marauder  
  129  9:45  SCV x3  
  134  9:54  Barracks  
  134  9:56  Fusion Core  
  134  9:57  SCV  
  134  9:59  Starport  
  130  10:00  Medivac x2  
  130  10:03  Planetary Fortress  
  130  10:04  SCV  
  134  10:10  Missile Turret  
  134  10:11  Command Center  
  134  10:14  Starport Reactor  
  134  10:15  Ghost  
  134  10:18  Refinery  
  134  10:21  Terran Ship Weapons Level 1  
  136  10:22  Liberator  
  136  10:24  Refinery  
  136  10:27  Liberator  
  136  10:28  Ghost  
  140  10:49  SCV  
  144  10:50  SCV  
  144  10:51  Command Center, Starport Tech Lab  
  144  10:52  Ghost x2  
  144  10:54  Barracks Tech Lab  
  146  11:16  Ghost x2  
  146  11:17  Marine  
  146  11:20  Terran Infantry Weapons Level 3  
  146  11:21  Marine x2  
  146  11:22  Command Center x2  
  146  11:24  Marine  
  149  11:25  Ghost  
  149  11:32  Liberator x2  
  151  11:35  Liberator  
  150  11:41  Medivac x2  
  163  11:54  Advanced Ballistics, Barracks  
  163  12:06  Liberator  
  163  12:10  Liberator  
  163  12:12  Command Center  
  163  12:13  Orbital Command  
  163  12:15  Liberator  
  156  12:16  Command Center  
  153  12:26  Ghost x2  
  153  12:28  SCV x3  
  153  12:29  Liberator x2  
  166  12:34  Missile Turret  
  161  12:46  Ghost  
  161  12:49  Liberator  
  161  12:50  Refinery x2  
  165  12:53  Orbital Command  
  165  12:54  Planetary Fortress  
  165  12:56  Ghost  
  165  12:57  Marine  
  161  12:58  Marine  
  161  13:05  Marine x2  
  163  13:11  Barracks Tech Lab  
  163  13:19  Command Center  
  162  13:26  Ghost, Marine x3  
  166  13:27  Sensor Tower  
  166  13:29  Liberator  
  166  13:32  Orbital Command x2  
  166  13:36  Ghost  
  166  13:38  Ghost  
  172  13:49  Planetary Fortress  
  172  13:58  Marine x4  
  172  13:59  Marauder, Marine x3  
  181  14:11  Liberator x2  
  181  14:12  Personal Cloaking  
  181  14:13  Refinery, Command Center  
  181  14:14  Missile Turret  
  181  14:15  Refinery  
  181  14:16  Terran Infantry Armor Level 3  
  181  14:26  Terran Ship Weapons Level 2  
  187  14:33  Liberator  
  187  14:43  Command Center  
  187  14:44  Liberator x2  
  187  14:45  Command Center  
  186  14:51  Marine x2  
  186  14:52  Marine x2  
  194  15:09  Command Center  
  194  15:11  Medivac x2  
  194  15:13  Ghost  
  197  15:14  Marine  
  200  15:26  Planetary Fortress  
  200  15:30  Liberator  
  200  15:32  Orbital Command  
  200  15:34  Command Center  
  193  15:46  Marine  
  193  15:47  Ghost x2  
  193  15:48  Marine x3  
  193  15:49  Marauder  
  198  15:57  Ghost  
  198  16:05  High Capacity Fuel Tanks  
  198  16:10  Marine  
  198  16:11  Marine  
  200  16:17  Nuke  
  200  16:21  Barracks  
  200  16:22  Barracks, Starport  
  200  16:29  Command Center  
  200  16:31  Command Center  
  194  16:38  Marine  
  194  16:39  Marauder, Medivac  
  199  16:53  Orbital Command x2  
  196  16:54  Command Center  
  196  16:55  Command Center  
  196  16:57  Command Center  
  195  17:19  Terran Ship Weapons Level 3, Nuke  
  195  17:20  Liberator  
  195  17:21  Starport Reactor, Barracks Tech Lab x2  
  195  17:26  Ghost Academy  
  195  17:28  Planetary Fortress  
  198  17:59  Marine x2  
  194  18:06  Marine x4  
  194  18:07  Marauder x2  
  194  18:12  Command Center  
  196  18:13  Orbital Command x2  
  196  18:14  Command Center  
  196  18:16  Marine x4  
  196  18:17  Orbital Command  
  200  18:37  Ghost, Liberator x2  
  194  18:54  Ghost x3  
  194  18:55  Marine x2  
  200  19:08  Planetary Fortress  
  200  19:13  Orbital Command  
  200  19:23  Orbital Command  
  200  19:27  Command Center  
  200  19:35  Orbital Command  
  198  19:45  Marine  
  200  19:46  Marauder  
  200  19:49  Command Center  
  191  20:13  Planetary Fortress  
  191  20:15  Marauder, Marine x2  
  194  20:22  SCV  
  194  20:26  Marauder x2, Marine x3  
  200  20:34  SCV  
  197  20:39  Ghost x2  
  194  20:43  Medivac  
  194  20:45  Liberator x2  
  190  20:50  Ghost  
  190  20:51  Ghost x2, Marine  
  195  21:00  Ghost  
  195  21:01  Marine  
  195  21:02  Medivac  
  195  21:03  Medivac  
  194  21:04  Marine x2  
  194  21:08  Ghost  
  194  21:09  Marauder  
  194  21:11  Planetary Fortress  
  200  21:14  Missile Turret  
  199  21:23  Marine  
  200  21:25  Command Center  
  200  21:26  Refinery, Command Center  
  200  21:28  Sensor Tower, Refinery  
  200  21:32  Liberator x2  
  192  21:49  Marine  
  192  21:50  Marine  
  193  22:04  Ghost x2  
  193  22:05  Ghost  
  194  22:14  Planetary Fortress  
  193  22:16  Command Center  
  193  22:17  Command Center  
  193  22:28  Missile Turret  
  193  22:29  Ghost, Marine x2  
  195  22:30  Missile Turret  
  195  22:32  Marine  
  198  22:38  Marauder  
Show
View Real Time Build Order
Export as new Build Order

LiquidSnute Zerg 

Build Orders: Hatch First 

Get SALT Encoding   

  12  0:00  Drone  
  13  0:12  Overlord  
  13  0:17  Drone  
  14  0:31  Drone x2  
  14  0:34  Drone  
  17  0:53  Hatchery  
  17  0:55  Drone  
  17  0:59  Drone  
  17  1:02  Extractor  
  17  1:15  Spawning Pool  
  16  1:19  Drone  
  16  1:22  Drone  
  18  1:28  Drone  
  19  1:38  Overlord  
  19  2:01  Queen  
  19  2:02  Metabolic Boost, Zergling x4  
  19  2:07  Queen  
  25  2:14  Overlord  
  26  2:22  Drone  
  26  2:23  Drone  
  26  2:24  Drone  
  26  2:28  Drone  
  29  2:33  Drone  
  30  2:37  Drone  
  30  2:43  Drone  
  32  2:51  Drone  
  33  2:54  Drone  
  34  2:59  Queen  
  34  3:00  Drone  
  38  3:05  Drone  
  38  3:09  Drone  
  38  3:10  Drone x3  
  42  3:15  Overlord, Drone x2  
  44  3:26  Roach Warren  
  43  3:29  Drone  
  44  3:37  Drone x3  
  44  3:39  Drone  
  48  3:49  Hatchery  
  48  3:51  Drone  
  48  3:52  Drone  
  48  3:53  Overlord x2  
  49  3:58  Queen  
  51  4:06  Overlord  
  51  4:14  Roach x6  
  51  4:16  Zergling x2  
  63  4:19  Zergling x4  
  63  4:21  Zergling x2  
  66  4:26  Zergling x2  
  67  4:34  Queen x2  
  67  4:37  Ravager x2  
  73  4:41  Drone x2  
  73  4:42  Extractor  
  74  4:48  Ravager  
  74  4:49  Overlord  
  75  4:58  Overlord  
  75  5:01  Spore Crawler x2  
  75  5:04  Drone  
  75  5:05  Drone x6  
  80  5:10  Queen  
  79  5:22  Drone x7  
  79  5:25  Overlord  
  79  5:27  Drone  
  87  5:31  Zergling x6  
  87  5:33  Drone x2  
  92  5:52  Drone  
  92  5:53  Drone x4  
  94  6:04  Drone x3, Spore Crawler  
  92  6:11  Drone x2  
  92  6:12  Drone x3  
  92  6:16  Ravager x2  
  92  6:18  Drone x3  
  99  6:20  Lair  
  99  6:22  Evolution Chamber  
  99  6:25  Drone x3, Evolution Chamber  
  100  6:27  Drone  
  100  6:32  Drone  
  101  6:34  Drone, Extractor  
  101  6:35  Extractor x2  
  101  6:36  Extractor  
  98  6:41  Overlord  
  98  6:42  Queen x2  
  98  6:44  Overlord x3  
  102  6:53  Zerg Missile Weapons Level 1  
  100  7:09  Roach x10  
  100  7:11  Overlord x2  
  119  7:23  Drone x2  
  119  7:26  Hatchery  
  119  7:29  Overlord x2  
  120  7:30  Drone x4  
  120  7:31  Drone  
  120  7:33  Drone  
  120  7:36  Ravager x5  
  131  7:41  Infestation Pit  
  129  7:54  Ravager  
  129  7:57  Zerg Ground Armor Level 1, Drone x3  
  132  8:01  Ravager x2  
  134  8:08  Ravager  
  134  8:09  Overlord x2  
  134  8:11  Queen x2  
  134  8:12  Queen  
  141  8:23  Pathogen Glands  
  141  8:27  Extractor x2  
  139  8:30  Infestor  
  141  8:41  Roach x9  
  156  8:47  Queen  
  158  8:52  Zerg Missile Weapons Level 2  
  156  9:23  Infestor x4  
  159  9:25  Drone x5, Spore Crawler  
  159  9:28  Drone x6  
  159  9:30  Spore Crawler  
  168  9:32  Overlord x3  
  168  9:42  Infestor x2  
  168  9:44  Overlord x3  
  172  9:48  Overlord x2  
  172  9:54  Zerg Ground Armor Level 2  
  172  10:02  Roach  
  172  10:03  Roach x12  
  198  10:18  Glial Reconstitution, Ravager  
  199  10:34  Hatchery  
  197  10:37  Ravager x2  
  199  10:43  Hive  
  199  10:44  Spore Crawler  
  199  10:45  Spore Crawler  
  199  10:47  Spore Crawler  
  196  10:56  Ravager x3  
  189  11:13  Drone x4  
  189  11:14  Drone  
  189  11:15  Drone x3  
  197  11:22  Drone x2  
  199  11:40  Extractor  
  199  11:44  Overseer  
  199  11:45  Overseer  
  199  11:46  Pneumatized Carapace  
  198  11:48  Extractor, Ravager  
  198  11:57  Zerg Missile Weapons Level 3  
  198  12:04  Spore Crawler  
  197  12:30  Spore Crawler  
  197  12:32  Spore Crawler  
  194  12:42  Roach x5  
  194  12:43  Zerg Ground Armor Level 3  
  197  12:46  Drone x3  
  197  12:47  Drone x2  
  196  12:57  Drone x6  
  199  13:00  Spore Crawler  
  199  13:01  Spore Crawler  
  197  13:45  Spine Crawler x2  
  197  13:48  Drone x4  
  197  14:24  Drone x2  
  197  14:31  Spore Crawler x3  
  198  14:32  Spore Crawler x2  
  198  14:33  Spore Crawler x2  
  198  14:34  Spore Crawler  
  198  14:36  Zerg Melee Weapons Level 1, Spore Crawler x3  
  198  14:37  Drone x12, Spore Crawler  
  199  14:43  Spire  
  204  15:37  Overseer  
  204  15:38  Hatchery, Overseer x4  
  201  15:58  Zerg Flyer Weapons Level 1  
  201  16:07  Spire  
  200  16:34  Zerg Melee Weapons Level 2  
  200  16:38  Spore Crawler  
  199  16:40  Spore Crawler  
  199  16:41  Overseer, Spore Crawler x3  
  199  16:42  Corruptor x3, Spore Crawler x2  
  196  17:14  Corruptor  
  198  17:22  Zerg Flyer Armor Level 1  
  194  17:27  Zergling x2  
  194  17:28  Adrenal Glands  
  188  17:41  Ravager x8  
  188  17:42  Ravager x3  
  187  18:06  Corruptor x6  
  159  18:57  Roach x5  
  159  18:58  Roach x3  
  164  19:08  Roach x2  
  164  19:09  Roach x5  
  166  19:11  Zerg Flyer Weapons Level 2  
  166  19:16  Zergling x32  
  166  19:17  Zergling x36  
  190  19:19  Zerg Flyer Armor Level 2, Zerg Melee Weapons Level 3  
  200  19:30  Hatchery  
  199  19:33  Hatchery  
  198  19:41  Hatchery  
  175  20:06  Spore Crawler  
  168  20:09  Spore Crawler  
  168  20:14  Ultralisk Cavern  
  155  20:15  Zergling x18  
  155  20:16  Zergling x30  
  155  20:18  Ravager x4  
  155  20:19  Ravager x15  
  144  20:51  Zergling x18  
  144  20:52  Zergling x6  
  142  20:58  Hatchery  
  112  21:06  Corruptor x6  
  112  21:07  Queen  
  112  21:08  Queen x2  
  125  21:13  Queen  
  127  21:25  Roach x3  
  133  21:26  Roach x4  
  133  21:27  Roach x4  
  133  21:30  Greater Spire  
  147  21:43  Queen  
  147  21:46  Ravager x6  
  147  21:47  Corruptor x2, Ravager  
  156  21:48  Zergling x2  
  156  21:49  Zergling x14  
  156  21:51  Queen x2  
  140  22:07  Zergling x14  
  120  22:19  Corruptor x3  
  114  22:27  Roach  
  114  22:28  Roach x7  
Tags
 
Add a new tag
Caveats
  • Supply blocks, unpowered buildings, or Contaminate may cause inaccurate times.
  • Supply counts are checked every 10 seconds.